APP
SAN FRANCISCO (RK+) GIANTS @ BLUEFIELD BLUE JAYS
07/24/2099
 
TOP OF THE 1ST
San Francisco (Rk+) Giants batting - Pitching for Bluefield Blue Jays : RHP Oliver Piazza
Pitching: RHP Oliver Piazza
Batting: RHB Pierce Speck 0-0: Ball
1-0: Foul Ball, location: 9LMF
1-1: Called Strike
1-2: Foul Ball, location: 2F
1-2: Strikes out swinging
Batting: LHB Jason Muma 0-0: Ball
1-0: Swinging Strike
1-1: Called Strike
1-2: Foul Ball, location: 2F
1-2: Strikes out swinging
Batting: RHB Daniel Nieto 0-0: Ball
1-0: Called Strike
1-1: Foul Ball, location: 23F
1-2: Strikes out swinging
Top of the 1st over - 0 runs, 0 hits, 0 errors, 0 left on base; San Francisco (Rk+) 0 - Bluefield 0
BOTTOM OF THE 1ST
Bluefield Blue Jays batting - Pitching for San Francisco (Rk+) Giants : RHP Jim Osburn
Pitching: RHP Jim Osburn
Batting: LHB Bobby Howell 0-0: Ball
1-0: Ball
2-0: SINGLE (Flyball, 9S, EV 91.9 MPH)
Batting: RHB Jorge de la Mora 0-0: Called Strike
Bobby Howell steals 2nd base
0-1: Fly out, F9 (Flyball, 9D, EV 99.4 MPH)
Runner from 2nd tags up, SAFE at 3rd, no throw by RF
Batting: RHB Hector Contreras 0-0: Ball
1-0: Ball
2-0: Foul Ball, location: 2F
2-1: SINGLE (Line Drive, 89S, EV 97.5 MPH)
Bobby Howell scores
Batting: RHB Guillermo Naranjo 0-0: Ball
1-0: Ball
2-0: Swinging Strike
2-1: Ball
3-1: Base on Balls
Hector Contreras to second
Batting: RHB Gabriel Puga 0-0: Swinging Strike
0-1: Grounds into double play, 5-4-3 (Groundball, 56, EV 105.0 MPH)
Bottom of the 1st over - 1 run, 2 hits, 0 errors, 1 left on base; San Francisco (Rk+) 0 - Bluefield 1
TOP OF THE 2ND
San Francisco (Rk+) Giants batting - Pitching for Bluefield Blue Jays : RHP Oliver Piazza
Batting: LHB Manny Ortiz 0-0: Ball
1-0: Foul Ball, location: 7LSF
1-1: Ball
2-1: Foul Ball, location: 2F
2-2: SINGLE (Groundball, 34, EV 106.9 MPH)
Batting: RHB Joey Tolar 0-0: Ball
1-0: Grounds into double play, 5-4-3 (Groundball, 5, EV 81.3 MPH)
Batting: RHB Austin Higgins 0-0: Ball
1-0: Called Strike
1-1: Ball
2-1: Fly out, F8 (Flyball, 8RM, EV 98.1 MPH)
Top of the 2nd over - 0 runs, 1 hit, 0 errors, 0 left on base; San Francisco (Rk+) 0 - Bluefield 1
BOTTOM OF THE 2ND
Bluefield Blue Jays batting - Pitching for San Francisco (Rk+) Giants : RHP Jim Osburn
Batting: RHB Alex Williams 0-0: Fly out, F6 (Popup, 4MD, EV 57.5 MPH)
Batting: RHB Kyle Cole 0-0: Ball
1-0: Foul Ball, location: 7LMF
1-1: Swinging Strike
1-2: Strikes out swinging
Batting: RHB Adrian Evans 0-0: Ball
1-0: Ball
2-0: Foul Ball, location: 2RF
2-1: Foul Ball, location: 23F
2-2: Foul Ball, location: 5DF
2-2: Strikes out swinging
Bottom of the 2nd over - 0 runs, 0 hits, 0 errors, 0 left on base; San Francisco (Rk+) 0 - Bluefield 1
TOP OF THE 3RD
San Francisco (Rk+) Giants batting - Pitching for Bluefield Blue Jays : RHP Oliver Piazza
Batting: SHB Jesse Mason 0-0: Fly out, F9 (Flyball, 89M, EV 85.0 MPH)
Batting: LHB David Wilson 0-0: Ground out 4-3 (Groundball, 34D, EV 95.0 MPH)
Batting: RHB Manny Diaz 0-0: Called Strike
0-1: Ball
1-1: Ground out 5-3 (Groundball, 5S, EV 80.0 MPH)
Top of the 3rd over - 0 runs, 0 hits, 0 errors, 0 left on base; San Francisco (Rk+) 0 - Bluefield 1
BOTTOM OF THE 3RD
Bluefield Blue Jays batting - Pitching for San Francisco (Rk+) Giants : RHP Jim Osburn
Batting: RHB Lance Box 0-0: Ball
1-0: Swinging Strike
1-1: Swinging Strike
1-2: SINGLE (Line Drive, 4D, EV 93.8 MPH)
Batting: LHB Bobby Howell 0-0: Foul Ball, location: 7LMF
0-1: Bunted foul
0-2: Strikes out swinging
Batting: RHB Jorge de la Mora 0-0: Ball
1-0: Swinging Strike
1-1: Ball
2-1: Foul Ball, location: 23FF
2-2: Foul Ball, location: 5SF
2-2: Strikes out swinging
Batting: RHB Hector Contreras 0-0: Foul Ball, location: 9LMF
0-1: Called Strike
0-2: Ball
1-2: Strikes out swinging
Bottom of the 3rd over - 0 runs, 1 hit, 0 errors, 1 left on base; San Francisco (Rk+) 0 - Bluefield 1
TOP OF THE 4TH
San Francisco (Rk+) Giants batting - Pitching for Bluefield Blue Jays : RHP Oliver Piazza
Batting: RHB Pierce Speck 0-0: Called Strike
0-1: Ball
1-1: Swinging Strike
1-2: Strikes out swinging
Batting: LHB Jason Muma 0-0: Ball
1-0: Fly out, F9 (Flyball, 89M, EV 88.8 MPH)
Batting: RHB Daniel Nieto 0-0: Called Strike
0-1: Called Strike
0-2: Ball
1-2: SINGLE (Groundball, 56S, EV 61.9 MPH) (infield hit)
Batting: LHB Manny Ortiz 0-0: Swinging Strike
0-1: Ball
1-1: Ball
2-1: Ball
3-1: Foul Ball, location: 2F
3-2: Foul Ball, location: 2F
3-2: Strikes out swinging
Top of the 4th over - 0 runs, 1 hit, 0 errors, 1 left on base; San Francisco (Rk+) 0 - Bluefield 1
BOTTOM OF THE 4TH
Bluefield Blue Jays batting - Pitching for San Francisco (Rk+) Giants : RHP Jim Osburn
Batting: RHB Guillermo Naranjo 0-0: Fly out, F8 (Flyball, 78M, EV 90.6 MPH)
Batting: RHB Gabriel Puga 0-0: Called Strike
0-1: Ground out 5-3 (Groundball, 56S, EV 85.6 MPH)
Batting: RHB Alex Williams 0-0: Ball
1-0: Ball
2-0: Foul Ball, location: 9LMF
2-1: Foul Ball, location: 3SF
2-2: Strikes out swinging
Bottom of the 4th over - 0 runs, 0 hits, 0 errors, 0 left on base; San Francisco (Rk+) 0 - Bluefield 1
TOP OF THE 5TH
San Francisco (Rk+) Giants batting - Pitching for Bluefield Blue Jays : RHP Oliver Piazza
Batting: RHB Joey Tolar 0-0: Called Strike
0-1: Ball
1-1: Foul Ball, location: 2F
1-2: SINGLE (Line Drive, 9S, EV 110.6 MPH)
Batting: RHB Austin Higgins 0-0: Swinging Strike
0-1: Foul Ball, location: 3SF
0-2: Ball
1-2: Ball
2-2: Strikes out swinging
Batting: SHB Jesse Mason 0-0: Ball
1-0: SINGLE (Line Drive, 7LS, EV 108.8 MPH)
Joey Tolar to second
Batting: LHB David Wilson 0-0: Foul Ball, location: 5F
0-1: Ball
1-1: Foul Ball, location: 7LSF
1-2: Fly out, F8 (Line Drive, 8LD, EV 86.9 MPH)
Batting: RHB Manny Diaz 0-0: Ball
1-0: Called Strike
1-1: Foul Ball, location: 2F
1-2: Foul Ball, location: 23FF
1-2: Strikes out swinging
Top of the 5th over - 0 runs, 2 hits, 0 errors, 2 left on base; San Francisco (Rk+) 0 - Bluefield 1
BOTTOM OF THE 5TH
Bluefield Blue Jays batting - Pitching for San Francisco (Rk+) Giants : RHP Jim Osburn
Batting: RHB Kyle Cole 0-0: Called Strike
0-1: Swinging Strike
0-2: Ball
1-2: Ball
2-2: Ball
3-2: Fly out, F2 (Popup, 23F, EV 78.8 MPH)
Batting: RHB Adrian Evans 0-0: Foul Ball, location: 2F
0-1: Ball
1-1: Ground out 6-3 (Groundball, 6, EV 88.8 MPH)
Batting: RHB Lance Box 0-0: Ball
1-0: Swinging Strike
1-1: SINGLE (Groundball, 34D, EV 103.8 MPH)
Batting: LHB Bobby Howell 0-0: Swinging Strike
0-1: Called Strike
0-2: Ball
1-2: Ball
2-2: Ball
3-2: Foul Ball, location: 2F
3-2: Foul Ball, location: 3F
3-2: Base on Balls
Lance Box to second
Pitching: RHP Jerry Zuzarte
Batting: RHB Jorge de la Mora 0-0: Called Strike
0-1: Swinging Strike
0-2: Strikes out swinging
Bottom of the 5th over - 0 runs, 1 hit, 0 errors, 2 left on base; San Francisco (Rk+) 0 - Bluefield 1
TOP OF THE 6TH
San Francisco (Rk+) Giants batting - Pitching for Bluefield Blue Jays : RHP Oliver Piazza
Batting: RHB Pierce Speck 0-0: Called Strike
0-1: Foul Ball, location: 3DF
0-2: Ball
1-2: SINGLE (Line Drive, 3D, EV 98.1 MPH)
Batting: LHB Jason Muma 0-0: Bunt missed!
0-1: Fly out, F7 (Line Drive, 7S, EV 90.6 MPH)
Pitching: RHP Victor Castaneda
Batting: RHB Daniel Nieto 0-0: Grounds into double play, 1-4-3 (Groundball, 15, EV 63.1 MPH)
Top of the 6th over - 0 runs, 1 hit, 0 errors, 0 left on base; San Francisco (Rk+) 0 - Bluefield 1
BOTTOM OF THE 6TH
Bluefield Blue Jays batting - Pitching for San Francisco (Rk+) Giants : RHP Jerry Zuzarte
Batting: RHB Hector Contreras 0-0: Called Strike
0-1: Ball
1-1: Ground out 6-3 (Groundball, 6, EV 88.8 MPH)
Batting: RHB Guillermo Naranjo 0-0: Hit by Pitch
Batting: RHB Gabriel Puga 0-0: Fly out, F9 (Flyball, 9LS, EV 90.6 MPH)
Batting: RHB Alex Williams 0-0: Called Strike
0-1: Ball
1-1: Foul Ball, location: 2F
1-2: Strikes out swinging
Bottom of the 6th over - 0 runs, 0 hits, 0 errors, 1 left on base; San Francisco (Rk+) 0 - Bluefield 1
TOP OF THE 7TH
San Francisco (Rk+) Giants batting - Pitching for Bluefield Blue Jays : RHP Victor Castaneda
Batting: LHB Manny Ortiz 0-0: Ball
1-0: Called Strike
1-1: Called Strike
1-2: Foul Ball, location: 5FF
1-2: Ball
2-2: Ball
3-2: Ground out 4-3 (Groundball, 34D, EV 104.4 MPH)
Pinch Hitting: RHB Jose Bautista 0-0: Called Strike
0-1: Ground out 5-3 (Groundball, 15, EV 80.6 MPH)
Batting: RHB Austin Higgins 0-0: Foul Ball, location: 25FF
0-1: Foul Ball, location: 9LDF
0-2: Ball
1-2: Ball
2-2: Strikes out swinging
Top of the 7th over - 0 runs, 0 hits, 0 errors, 0 left on base; San Francisco (Rk+) 0 - Bluefield 1
BOTTOM OF THE 7TH
Bluefield Blue Jays batting - Pitching for San Francisco (Rk+) Giants : RHP Jerry Zuzarte
Now in RF: Jose Bautista
Batting: RHB Kyle Cole 0-0: Called Strike
0-1: Ball
1-1: Swinging Strike
1-2: Ground out 6-3 (Groundball, 6M, EV 100.0 MPH)
Batting: RHB Adrian Evans 0-0: Called Strike
0-1: Foul Ball, location: 5F
0-2: Ball
1-2: Strikes out swinging
Batting: RHB Lance Box 0-0: Ball
1-0: Fly out, F8 (Flyball, 8LS, EV 78.1 MPH)
Bottom of the 7th over - 0 runs, 0 hits, 0 errors, 0 left on base; San Francisco (Rk+) 0 - Bluefield 1
TOP OF THE 8TH
San Francisco (Rk+) Giants batting - Pitching for Bluefield Blue Jays : RHP Victor Castaneda
Pitching: RHP Victor Gilbert
Batting: SHB Jesse Mason 0-0: Called Strike
0-1: Swinging Strike
0-2: Strikes out swinging
Batting: LHB David Wilson 0-0: Called Strike
0-1: Called Strike
0-2: Ball
1-2: Ball
2-2: Foul Ball, location: 2F
2-2: Fly out, F7 (Flyball, 7, EV 74.4 MPH)
Pinch Hitting: LHB Luis Parada 0-0: Foul Ball, location: 2LF
0-1: SINGLE (Flyball, 56D, EV 96.3 MPH)
Batting: RHB Pierce Speck 0-0: Called Strike
0-1: Ball
1-1: Ball
2-1: Ball
3-1: SINGLE (Groundball, 4MS, EV 73.8 MPH) (infield hit)
Luis Parada to second
Batting: LHB Jason Muma 0-0: Called Strike
0-1: Swinging Strike
0-2: Foul Ball, location: 7LDF
0-2: Ball
1-2: Ball
2-2: Strikes out swinging
Top of the 8th over - 0 runs, 2 hits, 0 errors, 2 left on base; San Francisco (Rk+) 0 - Bluefield 1
BOTTOM OF THE 8TH
Bluefield Blue Jays batting - Pitching for San Francisco (Rk+) Giants : RHP Jerry Zuzarte
Now at SS: Angel Villalba
Batting: LHB Bobby Howell 0-0: Ball
1-0: Fly out, F7 (Line Drive, 7, EV 99.4 MPH)
Batting: RHB Jorge de la Mora 0-0: Ball
1-0: Foul Ball, location: 2F
1-1: Ball
2-1: Ball
3-1: Called Strike
3-2: Foul Ball, location: 3F
3-2: Foul Ball, location: 3F
3-2: Base on Balls
Batting: RHB Hector Contreras 0-0: Called Strike
0-1: SINGLE (Groundball, 34D, EV 103.8 MPH)
Jorge de la Mora to second
Runner from 2nd tries for 3rd, SAFE, throw by RF made to third
Batting: RHB Guillermo Naranjo 0-0: Called Strike
Hector Contreras steals 2nd base
0-1: Ball
1-1: Foul Ball, location: 25F
1-2: Foul Ball, location: 9LDF
1-2: Ground out 5-3 (Groundball, 56, EV 102.5 MPH)
Pitching: LHP Juan Leyvas
Batting: RHB Gabriel Puga 0-0: Ball
1-0: Fly out, F8 (Line Drive, 8RS, EV 95.6 MPH)
Bottom of the 8th over - 0 runs, 1 hit, 0 errors, 2 left on base; San Francisco (Rk+) 0 - Bluefield 1
TOP OF THE 9TH
San Francisco (Rk+) Giants batting - Pitching for Bluefield Blue Jays : RHP Victor Gilbert
Pitching: LHP Victor Duron
Batting: RHB Daniel Nieto 0-0: Ball
1-0: Fly out, F9 (Flyball, 9D, EV 91.3 MPH)
Batting: LHB Manny Ortiz 0-0: Swinging Strike
0-1: Foul Ball, location: 7LSFF
0-2: Ball
1-2: Strikes out looking
Batting: RHB Jose Bautista 0-0: Ball
1-0: Ball
2-0: Ground out 6-3 (Groundball, 6, EV 78.1 MPH)
Top of the 9th over - 0 runs, 0 hits, 0 errors, 0 left on base; San Francisco (Rk+) 0 - Bluefield 1
Sunday, May 12th , 2024 - OOTP Baseball 24.11 Build 85